[Event "*** SCC Grand Prix: Titled Tuesday Blitz"]
[Site "Chess.com"]
[Date "2020.06.23"]
[Round "2"]
[White "bratkoo"]
[Black "KingChess345"]
[Result "1-0"]
[WhiteElo "2415"]
[BlackElo "2170"]
[TimeControl "180+1"]
[EndTime "10:18:45 PDT"]
[Termination "bratkoo won by resignation"]

1. e4 c5 2. Nf3 Nc6 3. d4 cxd4 4. Nxd4 Nf6 5. Nc3 e5 6. Ndb5 d6 7. Nd5 Nxd5 8. exd5 Ne7 9. c4 Ng6 10. Be2 Be7 11. O-O a6 12. Nc3 O-O 13. Be3 f5 14. f3 Bg5 15. Bf2 Bh4 16. Bxh4 Qxh4 17.
b4 Re8 18. Qe1 Qd4+ 19. Kh1 Bd7 20. Rd1 Qb6 21. a3 a5 22. b5 Rac8 23. Na4 Qd8 24.
Qf2 Nf4 25. Nb6 Rc5 26. Na4 Rc8 27. Rc1 Qg5 28. Nb6 Rc7 29. c5 Nxe2 30. Qxe2 dxc5 31.
d6 Rcc8 32. Nxd7 Rcd8 33. Nxc5 Rxd6 34. Nxb7 Rg6 35. Nxa5 h5 36. Nc4 h4 37. h3 e4 38. f4 Qg3 39. Ne5 Rd6 40. Rcd1 Rb6 41. a4 Ra8 42. Qa2+ Kh7 43. a5 Rxb5 44. a6 Rab8 45.
Rd2 e3 46. Re2 Rb2 47. Rxb2 Rxb2 48. Qxb2 1-0

[Event "*** SCC Grand Prix: Titled Tuesday Blitz"]
[Site "Chess.com"]
[Date "2020.06.23"]
[Round "2"]
[White "jaskol95"]
[Black "1977Ivan"]
[Result "0-1"]
[WhiteElo "2400"]
[BlackElo "2672"]
[TimeControl "180+1"]
[EndTime "10:18:46 PDT"]
[Termination "1977Ivan won by resignation"]

1. d4 Nf6 2. c4 e6 3. Nf3 d5 4. Nc3 Nbd7 5. Bf4 dxc4 6. e4 Bb4 7. e5 Nd5 8. Bd2 N7b6 9. Be2 O-O 10. O-O Be7 11. Ne4 Bd7 12. Rc1 Ba4 13. b3 cxb3 14.
axb3 Bc6 15. Qc2 h6 16. Nc5 Qe8 17. Rfd1 a5 18. Rb1 Nb4 19. Bxb4 axb4 20. Nd2 Nd5 21. Nde4 Nf4 22. Bf3 Bxc5 23. Qxc5 Bxe4 24. Bxe4 Ne2+ 25.
Kf1 Nc3 26. Bxb7 Rb8 27. Bc6 Qd8 28. Rbc1 Nxd1 29. Rxd1 Rb6 30. d5 exd5 31. Bxd5 Qg5 32. g3 Rbb8 33. f4 Qf5 34. Kg2 Rbd8 35. Qxc7 Rxd5 36.
Rxd5 Qe4+ 37. Kh3 Qxd5 38. g4 Qxb3+ 39. Kh4 Qe6 40. g5 hxg5+ 41. fxg5 b3 42. Qb7 Qc4+ 43.
Kh5 Qe2+ 44. Kh4 b2 45. h3 Qc4+ 46. Kh5 Qc1 47. g6 fxg6+ 48. Kxg6 b1=Q+ 0-1

[Event "*** SCC Grand Prix: Titled Tuesday Blitz"]
[Site "Chess.com"]
[Date "2020.06.23"]
[Round "2"]
[White "youngKID"]
[Black "ErikRonka"]
[Result "1-0"]
[WhiteElo "2750"]
[BlackElo "2398"]
[TimeControl "180+1"]
[EndTime "10:18:46 PDT"]
[Termination "youngKID won by resignation"]

1. Nf3 d5 2. g3 Nf6 3. Bg2 Bg4 4.
d3 Nbd7 5. O-O e5 6. Nbd2 Bc5 7. h3 Bh5 8. e4 dxe4 9. dxe4 O-O 10. Qe1 c6 11. Nc4 Re8 12. a4 a5 13. Bd2 b6 14.
Rd1 Qc7 15. Bc3 Bxf3 16. Bxf3 Nf8 17. Qe2 N6d7 18. Bg4 Ne6 19. Bxe6 Rxe6 20. Rd2 b5 21. Nxa5 b4 22. Nb3 Bxf2+ 23. Qxf2 Rf6 24. Qe3 bxc3 25. Qxc3 Rxf1+ 26. Kxf1 Rxa4 27. Kg2 h6 28. Qd3 Nf6 29. Nc5 Rd4 30. Qe3 Rxd2+ 31. Qxd2 Qb6 32. b4 Qb5 33. c3 Qc4 34. Qe3 g6 35. h4 Qa2+ 36.
Qf2 Qc4 37. Qxf6 Qxc3 38. Qd8+ Kg7 39. Qe7 Qd2+ 40. Kh3 Qc3 41. Ne6+ 1-0

[Event "*** SCC Grand Prix: Titled Tuesday Blitz"]
[Site "Chess.com"]
[Date "2020.06.23"]
[Round "2"]
[White "Shuvalov"]
[Black "akashcheck"]
[Result "1-0"]
[WhiteElo "2453"]
[BlackElo "2232"]
[TimeControl "180+1"]
[EndTime "10:18:46 PDT"]
[Termination "Shuvalov won by resignation"]

1. Nf3 d5 2. c4 c6 3. g3 Nf6 4. Bg2 g6 5. b3 Bg7 6. Bb2 O-O 7. O-O Re8 8. d3 Nbd7 9. Nc3 e5 10. cxd5 Nxd5 11.
Rc1 Nxc3 12. Bxc3 Nb6 13. Ba5 Qd5 14. Qd2 Qd6 15. Ng5 Bf5 16. Ne4 Bxe4 17. Bxe4 Rad8 18.
Qb4 Qxb4 19. Bxb4 f5 20. Bg2 Nd5 21. Ba5 Rd7 22. e4 fxe4 23. dxe4 Nb6 24. Rfd1 Red8 25.
Bf3 Rxd1+ 26. Rxd1 Rxd1+ 27. Bxd1 Kf7 28. Bg4 Bf8 29. Kf1 Bc5 30. Ke2 Ke7 31. Bc3 Bd6 32. Ke3 Nd7 33. f4 c5 34. a4 Nf6 35. Be2 Bc7 36.
fxe5 Nd7 37. Kf4 h6 38. h4 Nf8 39. h5 Ne6+ 40. Kg4 g5 41. Bc4 Nd4 42. b4 b6 43.
bxc5 bxc5 44. e6 Be5 45. a5 Bc7 46. a6 Be5 47. Ba5 Bb8 48. Bc3 Be5 49. Bb2 Bc7 50.
Ba3 Bd6 51. e5 Bxe5 52. Bxc5+ Kf6 53. e7 Ne6 54. Bxe6 1-0

[Event "*** SCC Grand Prix: Titled Tuesday Blitz"]
[Site "Chess.com"]
[Date "2020.06.23"]
[Round "2"]
[White "Evgeny_Ermakov1965"]
[Black "SHIVACalypso"]
[Result "1-0"]
[WhiteElo "2659"]
[BlackElo "2362"]
[TimeControl "180+1"]
[EndTime "10:18:47 PDT"]
[Termination "Evgeny_Ermakov1965 won by resignation"]

1. d4 e6 2. c4 Nf6 3. e3 d5 4.
Nc3 Be7 5. Nf3 O-O 6. cxd5 exd5 7. Bd3 c6 8. a3 h6 9. O-O Be6 10.
b4 Nbd7 11. Rb1 a6 12. a4 b5 13. a5 Ne8 14. Nd2 Nd6 15. Nb3 Nc4 16. Na2 Qc7 17. Nc5 Nxc5 18. dxc5 Rad8 19. Nc3 Bf6 20. Ne2 Qd7 21. Qc2 Ne5 22. Nd4 Nxd3 23. Qxd3 Rfe8 24. Bb2 Bg4 25. h3 Bh5 26. Nf5 Bg6 27. Bxf6 Bxf5 28.
e4 Bxe4 29. Qg3 g6 30. Rbd1 Rc8 31. Bb2 Qf5 32. Qc3 Kf8 33. f3 Bc2 34. Rfe1 Rxe1+ 35. Rxe1 f6 36. g4 Qf4 37. Qxc2 Qg3+ 38. Kf1 Qxf3+ 39.
Qf2 Qxh3+ 40. Ke2 Qxg4+ 41. Kd2 Qxb4+ 42. Bc3 Qh4 43. Qxh4 1-0

[Event "*** SCC Grand Prix: Titled Tuesday Blitz"]
[Site "Chess.com"]
[Date "2020.06.23"]
[Round "2"]
[White "serhanberat_ozdemir"]
[Black "praveenb2002"]
[Result "1-0"]
[WhiteElo "2534"]
[BlackElo "2772"]
[TimeControl "180+1"]
[EndTime "10:18:48 PDT"]
[Termination "serhanberat_ozdemir won by resignation"]

1. e4 c6 2. d4 d5 3. exd5 cxd5 4.
c4 Nf6 5. Nc3 g6 6. Nf3 Bg7 7.
cxd5 O-O 8. Bc4 Nbd7 9. O-O Nb6 10. Bb3 Nbxd5 11. Ne5 Be6 12. Qf3 Rc8 13. Bd2 a6 14.
Rac1 Qd6 15. Rfe1 Nxc3 16. bxc3 Bd5 17. Bxd5 Nxd5 18. c4 Nc7 19. Qxb7 Qxd4 20. Bc3 Qf4 21. g3 Qg5 22. h4 Qh5 23. Nc6 Bxc3 24. Nxe7+ Kg7 25. Rxc3 Nb5 26. Rce3 Rxc4 27. Qxa6 Rc5 28. Qb6 Nd4 29. Qb2 Rd8 30. Rd3 Rc4 31. Nc6 Rxc6 32. Rxd4 Rxd4 33. Qxd4+ Rf6 34. Re4 g5 35. hxg5 Qxg5 36.
Rg4 1-0

[Event "*** SCC Grand Prix: Titled Tuesday Blitz"]
[Site "Chess.com"]
[Date "2020.06.23"]
[Round "2"]
[White "Isajevsky_Anton"]
[Black "Igor_Lysyj"]
[Result "0-1"]
[WhiteElo "2503"]
[BlackElo "2752"]
[TimeControl "180+1"]
[EndTime "10:18:48 PDT"]
[Termination "Igor_Lysyj won on time"]

1. c4 e6 2. Nf3 d5 3. e3 dxc4 4. Bxc4 Nf6 5. O-O c5 6. Qe2 Nc6 7. Rd1 a6 8. a3 Be7 9. Ba2 O-O 10.
Nc3 b5 11. d4 Qc7 12. dxc5 Bxc5 13. b4 Be7 14. Bb2 Bb7 15. Rac1 Rad8 16. Rxd8 Rxd8 17. h3 h6 18. Bb1 Qb6 19. Ne4 Nd7 20. Qc2 f5 21. Qc3 Nf6 22. Nc5 Bxc5 23. bxc5 Qc7 24. Qb3 Qe7 25. Ne5 Nxe5 26. Bxe5 Bd5 27. Qb2 Rc8 28.
Bd6 Qf7 29. Rd1 Qg6 30. g3 Qh5 31. Rxd5 Nxd5 32. Kg2 Qf7 33. Qd4 Qb7 34. e4 Nf6 35. f3 fxe4 36. fxe4 Re8 37. Kf3 Qc6 38. Ba2 Kh8 39. Ke3 e5 40. Qd3 Qd7 41. g4 Qd8 42.
Kd2 Nh7 43. Kc2 Ng5 44. c6 Ne6 0-1

[Event "*** SCC Grand Prix: Titled Tuesday Blitz"]
[Site "Chess.com"]
[Date "2020.06.23"]
[Round "2"]
[White "ChessicallyInclined"]
[Black "fabianvivasz"]
[Result "1-0"]
[WhiteElo "2469"]
[BlackElo "2282"]
[TimeControl "180+1"]
[EndTime "10:18:50 PDT"]
[Termination "ChessicallyInclined won on time"]

1. d4 Nf6 2. c4 g6 3. Nc3 d5 4.
Nf3 Bg7 5. Qb3 dxc4 6. Qxc4 O-O 7. e4 a6 8. Be2 b5 9. Qb3 c5 10. dxc5 Bb7 11. e5 Nfd7 12. Be3 Qc7 13. Nd5 Bxd5 14.
Qxd5 Nc6 15. e6 Nb4 16. Qxd7 Nc2+ 17. Kd2 Rfd8 18. Kxc2 Rxd7 19. exd7 Qxd7 20. Rac1 Qf5+ 21. Bd3 Qd5 22. b3 e5 23. Nd2 f5 24. Nc4 Rd8 25.
Rhd1 Kf8 26. Nb6 Qxg2 27. Kb1 f4 28. c6 fxe3 29. c7 Re8 30. Bxb5 Qe4+ 31. Bd3 Qd4 32. c8=Q Rxc8 33. Rxc8+ Ke7 34. Rc7+ Kf6 35. Rc6+ Kg5 36. fxe3 Qxe3 37. Nc4 Qd4 38. Bc2 Qc3 39. Rc7 Bf6 40. Rg1+ Kh6 41. Rc6 e4 42. Rxf6 Qxf6 43. Bxe4 1-0

[Event "*** SCC Grand Prix: Titled Tuesday Blitz"]
[Site "Chess.com"]
[Date "2020.06.23"]
[Round "2"]
[White "annamaja"]
[Black "RojonR"]
[Result "1-0"]
[WhiteElo "2218"]
[BlackElo "2423"]
[TimeControl "180+1"]
[EndTime "10:18:50 PDT"]
[Termination "annamaja won on time"]

1. e4 c5 2. Nf3 Nc6 3. d4 cxd4 4. Nxd4 Nf6 5. Nc3 e6 6. Ndb5 Bc5 7. Nd6+ Ke7 8.
Nxc8+ Rxc8 9. Be2 h6 10. O-O Re8 11. a3 a6 12. Kh1 Kf8 13. f4 d5 14. e5 Nd7 15. Bd3 Kg8 16. Qh5 Ba7 17. f5 Ncxe5 18. f6 Nxd3 19. fxg7 Nf2+ 20. Rxf2 Bxf2 21. Qxh6 Qh4 22.
Qd2 Bg3 23. h3 Nc5 24. b4 Ne4 25. Nxe4 dxe4 26. Bb2 Red8 27. Qe3 Rxc2 28. Bd4 Bf4 29. Qxe4 Qg3 30. Bg1 Kxg7 31. Rf1 Rc4 32. Qe2 Bb8 33. Qxc4 Qd6 34. Qc3+ Kg8 35. Qf3 e5 36. Qxf7+ Kh8 37.
Qh5+ Kg8 38. Rf7 1-0

[Event "*** SCC Grand Prix: Titled Tuesday Blitz"]
[Site "Chess.com"]
[Date "2020.06.23"]
[Round "2"]
[White "rubhani"]
[Black "Dedic8"]
[Result "0-1"]
[WhiteElo "2507"]
[BlackElo "2759"]
[TimeControl "180+1"]
[EndTime "10:18:51 PDT"]
[Termination "Dedic8 won by checkmate"]

1. e4 e5 2. Nf3 Nc6 3. Bb5 a6 4. Ba4 Nf6 5. O-O Be7 6. Re1 b5 7. Bb3 O-O 8. h3 Bb7 9. d3 d5 10. exd5 Nxd5 11. a4 Nd4 12. Nxd4 exd4 13. axb5 axb5 14. Rxa8 Bxa8 15. Qg4 c5 16. Nd2 Nf6 17.
Qd1 Qc7 18. Nf3 Bd6 19. Bg5 Nd5 20. Qe2 h6 21. Bd2 Bc6 22. Nh4 Nf4 23. Bxf4 Bxf4 24. Ng6 c4 25. dxc4 Bh2+ 26. Kh1 Bxg2+ 27. Kxg2 fxg6 28.
cxb5+ Kh7 29. Bc4 Bd6 30. Bd3 Qf7 31. Rg1 Qf4 32. Kf1 Rf6 33. Rg4 Qc1+ 34. Kg2 h5 35. Rg5 Qxg5+ 36. Kf1 Qc1+ 37. Kg2 Qf4 38. Qxh5+ Kg8 39.
Bc4+ Kf8 40. Qh8+ Ke7 41. Qxg7+ Kd8 42. Qg8+ Kc7 43. Qg7+ Kb6 44. Qd7 Qxf2+ 45. Kh1 Qh2# 0-1

[Event "*** SCC Grand Prix: Titled Tuesday Blitz"]
[Site "Chess.com"]
[Date "2020.06.23"]
[Round "2"]
[White "Zq1"]
[Black "Chessy222222"]
[Result "1-0"]
[WhiteElo "2508"]
[BlackElo "2127"]
[TimeControl "180+1"]
[EndTime "10:18:51 PDT"]
[Termination "Zq1 won by resignation"]

1. d4 Nf6 2. c4 g6 3. Nc3 Bg7 4. e4 d6 5. Nf3 O-O 6. Be2 e5 7. O-O Na6 8. Re1 exd4 9. Nxd4 Nc5 10.
f3 a5 11. Be3 Re8 12. Qd2 Bd7 13. Rad1 Qe7 14. Ndb5 Rac8 15. Bf1 Red8 16. Kh1 Be6 17. Bg5 Rd7 18. Nd5 Bxd5 19. exd5 Qf8 20. b3 h6 21. Be3 b6 22. Na7 Re8 23. Nc6 Kh7 24. Bf2 Nh5 25.
g3 f5 26. Rxe8 Qxe8 27. Re1 Qh8 28. Qc2 Bd4 29. Bxd4 Qxd4 30. Qe2 Qg7 31. Qc2 Qf7 32. a3 Ng7 33. b4 axb4 34. axb4 Nb7 35. Qe2 Nd8 36. Nd4 Qf6 37. Qe3 Nf7 38. f4 g5 39.
Bd3 g4 40. Nxf5 Nxf5 41. Qe6 Re7 42. Qxe7 1-0

[Event "*** SCC Grand Prix: Titled Tuesday Blitz"]
[Site "Chess.com"]
[Date "2020.06.23"]
[Round "2"]
[White "Casablanca"]
[Black "PavelShkapenko"]
[Result "1/2-1/2"]
[WhiteElo "2342"]
[BlackElo "2656"]
[TimeControl "180+1"]
[EndTime "10:18:51 PDT"]
[Termination "Game drawn by agreement"]

1. d4 Nf6 2. Bg5 Ne4 3. Bf4 d5 4.
e3 c5 5. Bd3 Nf6 6. c3 Nc6 7.
Nd2 Bg4 8. Ngf3 e6 9. O-O Bh5 10. h3 Qb6 11. Qa4 Nd7 12. Rab1 Be7 13. b4 cxd4 14.
cxd4 O-O 15. a3 Bg6 16. Bxg6 hxg6 17. Rfc1 Rfc8 18. Nb3 Nf6 19. Nc5 Ne4 20. b5 Na5 21.
Ne5 Bxc5 22. Nd7 Qd8 23. Nxc5 Nxc5 24. dxc5 Nc4 25. e4 Rxc5 26. exd5 exd5 27. Be3 Rcc8 28.
Bd4 Qh4 29. Rd1 Nd6 30. Qb4 Nf5 31. Bc5 Qc4 32. Rbc1 Qxb4 33. Bxb4 Rc4 34. Rxc4 dxc4 35. Rd7 Rc8 36. Rxb7 c3 37. Bxc3 Rxc3 38. Rxa7 Nd4 39.
b6 Rb3 40. b7 Kh7 41. a4 Nc6 42. Ra6 Nb8 43. Ra7 g5 44. a5 f6 45. a6 Rb6 46. Ra8 Nxa6 47. Rxa6 Rxb7 48. f3 Rb2 49. Kh2 Kg6 50. Ra5 Rc2 51. Kg3 f5 52. Ra6+ Kh5 53. Ra8 f4+ 54. Kh2 Kg6 55. Ra6+ Kh5 56. Re6 Rd2 57. Re5 1/2-1/2

[Event "*** SCC Grand Prix: Titled Tuesday Blitz"]
[Site "Chess.com"]
[Date "2020.06.23"]
[Round "2"]
[White "Diego_FloresQ"]
[Black "MYMChessAcademy"]
[Result "1-0"]
[WhiteElo "2463"]
[BlackElo "2259"]
[TimeControl "180+1"]
[EndTime "10:18:51 PDT"]
[Termination "Diego_FloresQ won by resignation"]

1. e4 c5 2. Nf3 d6 3. d4 cxd4 4. Nxd4 a6 5. c4 e6 6. Nc3 Nf6 7. Be2 Be7 8. O-O O-O 9. Be3 Nc6 10. f3 Re8 11. Qd2 Ne5 12. Nc2 Qc7 13. b3 Bd7 14. Rac1 Bc6 15. Nd4 Bd7 16. Rfd1 Rad8 17. Bf1 Qb8 18.
Qf2 Nc6 19. Rd2 Rf8 20. a4 Ne8 21. Rcd1 Nc7 22. Rb2 d5 23. cxd5 exd5 24. exd5 Nb4 25. Nc2 Nxc2 26. Rxc2 Bc8 27. Bb6 Bf6 28. Bc4 Na8 29.
Bxd8 Bxd8 30. Ne4 Bb6 31. Rd4 Bxd4 32. Qxd4 Nc7 33. d6 Ne6 34. Bxe6 Bxe6 35. b4 Rd8 36. Rd2 Qc8 37. Nc5 b6 38. Nxe6 fxe6 39. h3 Qc1+ 40. Kh2 Qc8 41. Qe5 Qd7 42. a5 b5 43. Rc2 Rc8 44.
Rxc8+ Qxc8 45. Qc5 Qd7 46. Qc7 Kf7 47. Qxd7+ Kf8 48.
Qe7+ Kg8 49. d7 1-0

[Event "*** SCC Grand Prix: Titled Tuesday Blitz"]
[Site "Chess.com"]
[Date "2020.06.23"]
[Round "2"]
[White "Jumbo"]
[Black "Roman_Ovetchkin"]
[Result "1/2-1/2"]
[WhiteElo "2843"]
[BlackElo "2559"]
[TimeControl "180+1"]
[EndTime "10:18:53 PDT"]
[Termination "Game drawn by repetition"]

1. d4 Nf6 2. Bf4 g6 3. e3 Bg7 4. Nf3 O-O 5. Be2 d6 6. O-O c5 7.
c3 b6 8. h3 Bb7 9. Nbd2 Nbd7 10. a4 a6 11. Bh2 Ra7 12. Bd3 Qa8 13. Qe2 Rc8 14. e4 cxd4 15. cxd4 Ne8 16. Rfe1 e5 17. d5 Nc5 18. Bc2 Qb8 19. b4 Nd7 20. Bd3 Ndf6 21. Rec1 a5 22. bxa5 Rxa5 23. Nc4 Rac5 24.
Rcb1 Nxe4 25. Rxb6 N4f6 26. Rab1 R8c7 27. Qb2 e4 28.
Rxb7 Rxb7 29. Qxb7 Qxb7 30. Rxb7 exd3 31. Nfd2 Ne4 32.
Rb8 Nxd2 33. Rxe8+ Bf8 34. Bxd6 Rxc4 35. Bxf8 Rc1+ 36. Kh2 Nf1+ 37. Kg1 Ne3+ 38. Kh2 Nf1+ 39. Kg1 Ne3+ 40. Kh2 Nf1+ 1/2-1/2

[Event "*** SCC Grand Prix: Titled Tuesday Blitz"]
[Site "Chess.com"]
[Date "2020.06.23"]
[Round "2"]
[White "Escanor89"]
[Black "Onischuk_V"]
[Result "0-1"]
[WhiteElo "2555"]
[BlackElo "2864"]
[TimeControl "180+1"]
[EndTime "10:18:55 PDT"]
[Termination "Onischuk_V won on time"]

1. c4 g6 2. Nc3 Bg7 3. g3 d6 4. Bg2 Nf6 5. e4 O-O 6. Nge2 c5 7. O-O Nc6 8. d3 Nd7 9. Be3 Nd4 10. Rb1 Rb8 11.
a3 b5 12. Bxd4 cxd4 13. Nxb5 Qb6 14. a4 a6 15. Na3 Qc5 16. Nc2 a5 17. Na3 Ne5 18.
Nb5 Nc6 19. Qd2 Nb4 20. b3 f5 21. f4 fxe4 22. Bxe4 Bf5 23. Bxf5 gxf5 24. Rbe1 e5 25. Nc1 Rbe8 26. Qg2 e4 27. dxe4 d3+ 28. Kh1 fxe4 29. Rxe4 d5 30. Rxe8 Rxe8 31. cxd5 Qe3 32. Nxd3 Nxd3 33. d6 Kh8 34. d7 Rd8 35. Qd5 Bf8 36.
Rf3 Qe1+ 37. Kg2 Qe2+ 38. Kh3 Rxd7 39. Qxd7 Qxf3 40. Qd4+ Kg8 41. Qc4+ Kg7 42. Qd4+ Kg6 43. Nc7 Nf2+ 0-1

[Event "*** SCC Grand Prix: Titled Tuesday Blitz"]
[Site "Chess.com"]
[Date "2020.06.23"]
[Round "2"]
[White "jlandaw"]
[Black "GigaQuparadze"]
[Result "0-1"]
[WhiteElo "2539"]
[BlackElo "2816"]
[TimeControl "180+1"]
[EndTime "10:18:55 PDT"]
[Termination "GigaQuparadze won by resignation"]

1. e4 c5 2. Nc3 a6 3. g3 b5 4. Bg2 Bb7 5. d3 g6 6. f4 Bg7 7.
Nf3 e6 8. Be3 d6 9. O-O Ne7 10.
Qd2 b4 11. Nd1 O-O 12. c3 a5 13.
e5 Nf5 14. Bf2 h5 15. Ne3 Nxe3 16. Qxe3 Nd7 17. d4 cxd4 18. cxd4 Bd5 19. exd6 Nb6 20. Ne5 Qxd6 21. Rac1 Rac8 22. b3 Bxg2 23. Kxg2 Nd5 24. Qf3 Nc3 25. Rc2 Rc7 26. h3 Rfc8 27. g4 hxg4 28.
hxg4 Qd5 29. Rfc1 Bxe5 30. dxe5 Qxf3+ 31. Kxf3 Rd8 32. Be1 Rd3+ 33. Kg2 g5 34. Bxc3 Rdxc3 35. Rxc3 Rxc3 36. Rf1 Rc2+ 37. Kf3 Rxa2 38. Rb1 gxf4 39. Kxf4 Rc2 40. Ra1 Rc5 41. Ke4 Kg7 42. Rf1 Rc3 43.
Ra1 Rg3 44. Kf4 Rxb3 45. Rxa5 Rc3 46. Rb5 Rc4+ 47. Kg5 Re4 48. Kh5 Rd4 49. Kg5 Rd5 50.
Rxb4 Rxe5+ 51. Kf4 Ra5 52. Rb8 Kf6 53. Rb4 Rd5 54.
Ra4 Kg6 55. Rb4 f6 56. Rb6 Rd4+ 57. Ke3 e5 58. Kf3 Kg5 59. Rb8 Rf4+ 60. Ke3 Rxg4 61. Re8 Kf5 62. Kf3 Rf4+ 63. Ke3 Re4+ 64. Kf3 Ra4 65. Kg3 Ra3+ 66. Kf2 Kf4 67. Rh8 Ra2+ 68.
Ke1 e4 69. Rh4+ Ke5 70. Rh8 f5 71. Rh4 Kd4 72. Rh3 f4 73. Rb3 f3 74. Kf1 e3 0-1

[Event "*** SCC Grand Prix: Titled Tuesday Blitz"]
[Site "Chess.com"]
[Date "2020.06.23"]
[Round "2"]
[White "LuisFSiles"]
[Black "EvgenyRomanov"]
[Result "0-1"]
[WhiteElo "2320"]
[BlackElo "2652"]
[TimeControl "180+1"]
[EndTime "10:18:55 PDT"]
[Termination "EvgenyRomanov won on time"]

1. e4 c5 2. Nf3 a6 3. c3 d5 4.
exd5 Qxd5 5. d4 e6 6. Be3 cxd4 7.
cxd4 Nf6 8. a3 Nc6 9. Nc3 Qd6 10.
Bd3 Be7 11. O-O O-O 12. Qe2 b5 13. Rad1 Bb7 14. Bb1 Rfe8 15. Bg5 Rad8 16. Rfe1 g6 17. Ba2 b4 18. axb4 Nxb4 19. Bb3 Nfd5 20. Ne4 Qb6 21. Bxe7 Rxe7 22. Qd2 Kg7 23. Ne5 h6 24. Ng4 Rh8 25. Nc5 Ba8 26. Ne5 a5 27. h4 Nf6 28. Qf4 Bd5 29. Ba4 Rd8 30. Re3 Nc6 31.
Bxc6 Bxc6 32. Rg3 Bd5 33. Ncd3 Nh5 34. Qg4 Nxg3 35. Qxg3 Qxd4 36. h5 g5 37. Kh2 Be4 38. f4 f6 39. fxg5 hxg5 40. h6+ Kh7 41. Ng4 Bxd3 0-1

[Event "*** SCC Grand Prix: Titled Tuesday Blitz"]
[Site "Chess.com"]
[Date "2020.06.23"]
[Round "2"]
[White "maciek_92"]
[Black "dcremisi"]
[Result "0-1"]
[WhiteElo "2699"]
[BlackElo "2412"]
[TimeControl "180+1"]
[EndTime "10:18:55 PDT"]
[Termination "dcremisi won by checkmate"]

1. e4 e6 2. d4 d5 3. Nd2 dxe4 4. Nxe4 Bd7 5. Nf3 Bc6 6. Bd3 Nd7 7. Qe2 Ngf6 8. Bg5 Be7 9. Bxf6 Nxf6 10. O-O-O Nxe4 11. Bxe4 Bxe4 12. Qxe4 c6 13. Kb1 Qc7 14. h4 O-O-O 15. h5 h6 16. Ne5 Rhf8 17. Rh3 Bf6 18. Nc4 Kb8 19. Rhd3 Rd7 20. f4 Rfd8 21. g3 Rd5 22. g4 c5 23. Ne5 cxd4 24. Rxd4 Rxd4 25.
Rxd4 Rxd4 26. Qxd4 Bxe5 27. fxe5 b6 28. a4 Kc8 29. Qe4 Kd7 30. b3 Ke7 31. Kb2 f6 32.
exf6+ Kxf6 33. Qg6+ Ke5 34. c4 Qd7 35. Kc2 Qb7 36. Kb2 Qd7 37. Kc2 Qb7 38. Kc3 Qd7 39.
Kb4 a6 40. Qc2 Qd6+ 41. Kc3 Qd4+ 42. Kb4 Qxg4 43. Qh2+ Qf4 44. Qe2+ Kd6 45. Qg2 Qe5 46. Qf3 a5+ 47. Ka3 Qa1# 0-1

[Event "*** SCC Grand Prix: Titled Tuesday Blitz"]
[Site "Chess.com"]
[Date "2020.06.23"]
[Round "2"]
[White "MikaelyanArman"]
[Black "gm_rashid"]
[Result "1-0"]
[WhiteElo "2802"]
[BlackElo "2344"]
[TimeControl "180+1"]
[EndTime "10:18:55 PDT"]
[Termination "MikaelyanArman won on time"]

1. Nf3 d5 2. g3 Nf6 3. Bg2 e6 4. O-O b6 5. c4 Bb7 6. cxd5 exd5 7. d4 Be7 8. Nc3 O-O 9. Ne5 c5 10. Bf4 Re8 11. Rc1 c4 12. b3 cxb3 13. Qxb3 Nc6 14. Rfd1 Na5 15. Qa4 a6 16. Qc2 b5 17. Qf5 g6 18.
Qd3 Nc4 19. Rb1 Bd6 20. a4 Nxe5 21. dxe5 Bxe5 22. Bxe5 Rxe5 23. axb5 axb5 24. Qxb5 Ba6 25. Qb2 Bc4 26. Rd4 Qe8 27. e4 Rd8 28. Rbd1 Rb8 29.
Qa3 Bb3 30. Rb1 Bc2 31. Rxb8 Qxb8 32. Qc5 dxe4 33. Qc6 Re6 34. Qc5 Bd3 35. h4 Qe8 36. Bh3 Re5 37. Qb6 1-0

[Event "*** SCC Grand Prix: Titled Tuesday Blitz"]
[Site "Chess.com"]
[Date "2020.06.23"]
[Round "2"]
[White "dey2580"]
[Black "Durarbayli"]
[Result "0-1"]
[WhiteElo "2546"]
[BlackElo "2839"]
[TimeControl "180+1"]
[EndTime "10:18:56 PDT"]
[Termination "Durarbayli won on time"]

1. d4 Nf6 2. Nf3 e6 3. e3 b6 4.
b3 Bb7 5. Bb2 d5 6. Bd3 Nbd7 7. O-O Bd6 8. Nbd2 Qe7 9. a3 e5 10.
dxe5 Nxe5 11. Nxe5 Bxe5 12. Bxe5 Qxe5 13. c4 O-O-O 14. Qc2 dxc4 15. Nxc4 Qd5 16. Bf5+ Kb8 17. Bh3 Qd3 18. Qxd3 Rxd3 19. Ne5 Rxb3 20. Nxf7 Re8 21. Rfd1 Bd5 22. Ng5 c6 23. Nf3 Kc7 24. a4 a5 25.
Nd4 Rb4 26. Bf5 g6 27. Bd3 Nd7 28. Ra3 Nc5 29. Bc2 Rd8 30. f3 Kb7 31. Kf2 Bf7 32. Rc1 Rb2 33. Kg3 Re8 34. Rc3 Ra2 35. h4 Bd5 36. Bd1 Rd8 37. Kh3 Rd6 38. Rb1 Nxa4 39. Bxa4 Rxa4 0-1

[Event "*** SCC Grand Prix: Titled Tuesday Blitz"]
[Site "Chess.com"]
[Date "2020.06.23"]
[Round "2"]
[White "Playgood28"]
[Black "DraG0s3L"]
[Result "0-1"]
[WhiteElo "2277"]
[BlackElo "2469"]
[TimeControl "180+1"]
[EndTime "10:18:56 PDT"]
[Termination "DraG0s3L won on time"]

1. d4 Nf6 2. c4 e6 3. Nc3 Bb4 4.
Qc2 O-O 5. a3 Bxc3+ 6. Qxc3 b6 7.
e3 Bb7 8. Nf3 Ne4 9. Qc2 d6 10.
Be2 Nd7 11. b4 e5 12. dxe5 Nxe5 13. Nxe5 dxe5 14. O-O Ng5 15. f3 Qe7 16. Bb2 h5 17. c5 Rad8 18. Rfd1 h4 19. h3 Kh8 20. Kh2 Bd5 21. cxb6 cxb6 22. Rac1 Qf6 23. f4 Ne4 24. Bxe5 Qg6 25. Bf3 Qg3+ 26. Kg1 f6 27. Bxe4 Qxe3+ 28. Qf2 Qxe4 29. Bb2 Kg8 30. Re1 Qg6 31. Rcd1 Be4 32. f5 Qxf5 33. Qxh4 Bxg2 34. Kxg2 Qc2+ 35. Qf2 Qc6+ 36. Kg1 Rfe8 37. Rxe8+ Rxe8 38. Re1 Rd8 39. Qe3 Qc2 40. Qe6+ Kh8 41. Bxf6 Qg6+ 0-1

[Event "*** SCC Grand Prix: Titled Tuesday Blitz"]
[Site "Chess.com"]
[Date "2020.06.23"]
[Round "2"]
[White "Fandorine"]
[Black "MaxVavulin"]
[Result "1-0"]
[WhiteElo "2901"]
[BlackElo "2564"]
[TimeControl "180+1"]
[EndTime "10:18:57 PDT"]
[Termination "Fandorine won on time"]

1. e4 e5 2. Nf3 Nc6 3. Bc4 Bc5 4. d3 Nf6 5. Nbd2 a6 6. c3 d6 7. Bb3 Ba7 8. h3 O-O 9. Nf1 d5 10. exd5 Nxd5 11. Ng3 h6 12. O-O Re8 13. Re1 Nf6 14. Be3 Bxe3 15. Rxe3 Be6 16. Nxe5 Bxb3 17. Nxc6 Bxd1 18. Nxd8 Rxe3 19. fxe3 Bc2 20. Nxb7 Rb8 21.
Rc1 Bxd3 22. Nc5 Bg6 23. b3 Rb6 24. c4 Rd6 25. Kf1 Rd2 26. Nxa6 Rxa2 27. Nxc7 Rb2 28. c5 Ne4 29. Ne2 Nd2+ 30. Ke1 Nxb3 31. Rc3 Na5 32. Nd5 Be4 33. Ndf4 g5 34. Ng3 Bc6 35. Nfe2 Bxg2 36. Nf5 Bc6 37. Ne7+ Kg7 38. Nxc6 Nxc6 39. Nd4 Ne5 40.
c6 1-0

[Event "*** SCC Grand Prix: Titled Tuesday Blitz"]
[Site "Chess.com"]
[Date "2020.06.23"]
[Round "2"]
[White "vinniethepooh"]
[Black "UKR_Master"]
[Result "1-0"]
[WhiteElo "2555"]
[BlackElo "2305"]
[TimeControl "180+1"]
[EndTime "10:18:57 PDT"]
[Termination "vinniethepooh won by resignation"]

1. d4 Nf6 2. c4 e6 3. Nc3 Bb4 4. e3 d5 5. Bd3 O-O 6. Nf3 a6 7.
O-O dxc4 8. Bxc4 c5 9. Bd3 Qc7 10. a3 Bxc3 11. bxc3 b5 12. a4 c4 13. Bc2 Bb7 14. Nd2 e5 15. f4 exd4 16. exd4 Nbd7 17. Nf3 Nd5 18. Bd2 N7f6 19. Ne5 Rfe8 20. Rf3 b4 21. cxb4 Qb6 22. Be1 Nxb4 23. Rf2 Nxc2 24. Rxc2 Qe6 25. Rxc4 Qd5 26. Qe2 Ne4 27. Qf1 f6 28. Nf3 Nd6 29.
Rc5 Qb3 30. Ba5 Re3 31. Rb1 Qa3 32. Rxb7 Nxb7 33. Qc4+ Kh8 34. Rc8+ Re8 35. Rxa8 Rd8 36. Bxd8 Qa1+ 37. Kf2 Qb2+ 38. Kg3 1-0

[Event "*** SCC Grand Prix: Titled Tuesday Blitz"]
[Site "Chess.com"]
[Date "2020.06.23"]
[Round "2"]
[White "2008king"]
[Black "vanyakuba"]
[Result "0-1"]
[WhiteElo "2208"]
[BlackElo "2447"]
[TimeControl "180+1"]
[EndTime "10:18:58 PDT"]
[Termination "vanyakuba won by checkmate"]

1. e4 d5 2. exd5 Qxd5 3. Nc3 Qa5 4. d4 Nf6 5. Nf3 Bg4 6. Bc4 Nc6 7. Be3 O-O-O 8. Bxf7 e5 9. d5 Bb4 10. Qd2 Ne4 11. Nxe4 Bxd2+ 12. Bxd2 Nb4 13. O-O Bxf3 14. gxf3 Qb6 15. Be6+ Kb8 16. Bxb4 Qxb4 17. c3 Qe7 18.
Kh1 Rhf8 19. c4 Rxf3 20. c5 c6 21. Rad1 cxd5 22. Bxd5 Rh3 23. Rg1 Qh4 24. Rg2 Rxd5 25. Rxd5 Qxe4 26. Rd8+ Kc7 27. Rg8 Qe1+ 28. Rg1 Qxf2 29.
R8xg7+ Kc6 30. R7g2 Qf3 31. b4 a6 32. a4 h5 33. b5+ axb5 34. axb5+ Kxb5 35. Rb1+ Kxc5 36.
Rc1+ Kd6 37. Rg1 h4 38. Re1 Rg3 39. hxg3 h3 40. Rg1 hxg2+ 41. Rxg2 b5 42. Kh2 b4 43. g4 b3 44. Rb2 Qf4+ 45. Kh3 Qe3+ 46. Kh4 Ke6 47.
g5 Kf5 48. g6 Qf4+ 49. Kh5 Qg5# 0-1